TOP OF THE 1ST |
Philadelphia 1776 BC batting - Pitching for Wizarding Express : RHP Gabe Stephenson
|
Pitching: RHP Gabe Stephenson
|
|
Batting: LHB Cliff Aldridge
|
0-0: Ball 1-0: Fly out, F7 (Flyball, 78S)
|
Batting: LHB Manoo Satyavrat
|
0-0: Ball 1-0: Ball 2-0: Swinging Strike 2-1: Ball 3-1: Swinging Strike 3-2: Foul Ball, location: 2F 3-2: Strikes out swinging
|
Batting: RHB Kevin Malone
|
0-0: Called Strike 0-1: Fly out, F8 (Flyball, 8LD)
|
Top of the 1st over - 0 runs, 0 hits, 0 errors, 0 left on base; Philadelphia 1776 0 - Wizarding 0 |
BOTTOM OF THE 1ST |
Wizarding Express batting - Pitching for Philadelphia 1776 BC : RHP Bernardo Valdés
|
Pitching: RHP Bernardo Valdés
|
|
Batting: LHB José Corona
|
0-0: Ball 1-0: Called Strike 1-1: SOLO HOME RUN (Line Drive, 9LD), Distance : 333 ft
|
Batting: SHB Salvador Trevino
|
0-0: Fly out, F8 (Flyball, 8RXD)
|
Batting: RHB António Martínez
|
0-0: Ground out 5-3 (Groundball, 56)
|
Batting: LHB Nathan Tanner
|
0-0: Called Strike 0-1: Ball 1-1: Ball 2-1: Ball 3-1: SOLO HOME RUN (Flyball, 89XD), Distance : 383 ft
|
Batting: LHB António Boccanegra
|
0-0: Ball 1-0: Ground out 4-3 (Groundball, 34)
|
Bottom of the 1st over - 2 runs, 2 hits, 0 errors, 0 left on base; Philadelphia 1776 0 - Wizarding 2 |
TOP OF THE 2ND |
Philadelphia 1776 BC batting - Pitching for Wizarding Express : RHP Gabe Stephenson
|
Batting: LHB Chase Popoff
|
0-0: Ball 1-0: Foul Ball, location: 2F 1-1: Ground out 6-3 (Groundball, 6)
|
Batting: LHB Jeff Rutherford
|
0-0: Called Strike 0-1: Ball 1-1: Ball 2-1: Fly out, F7 (Flyball, 78M)
|
Batting: RHB Fernando Rivera
|
0-0: Ball 1-0: DOUBLE (Flyball, 8RD)
|
Batting: SHB Sam Quint
|
0-0: Ground out 6-3 (Groundball, 6)
|
Top of the 2nd over - 0 runs, 1 hit, 0 errors, 1 left on base; Philadelphia 1776 0 - Wizarding 2 |
BOTTOM OF THE 2ND |
Wizarding Express batting - Pitching for Philadelphia 1776 BC : RHP Bernardo Valdés
|
Batting: RHB Frank Grimes
|
0-0: Called Strike 0-1: Ball 1-1: Foul Ball, location: 2F 1-2: SINGLE (Groundball, 4M) (infield hit)
|
Batting: RHB Gonzalo Ángel
|
0-0: Ball 1-0: Foul Ball, location: 2F 1-1: SINGLE (Groundball, 6MD) Frank Grimes to second
|
Batting: LHB Kyung-chor Pang
|
0-0: Ball 1-0: Fly out, F7 (Flyball, 7LD)
|
Batting: RHB Jeff Green
|
0-0: Ball 1-0: Ball 2-0: Foul Ball, location: 2F 2-1: Grounds into double play, 6-4-3 (Groundball, 6)
|
Bottom of the 2nd over - 0 runs, 2 hits, 0 errors, 1 left on base; Philadelphia 1776 0 - Wizarding 2 |
TOP OF THE 3RD |
Philadelphia 1776 BC batting - Pitching for Wizarding Express : RHP Gabe Stephenson
|
Batting: RHB Kent Summey
|
0-0: Ball 1-0: Ball 2-0: Swinging Strike 2-1: Swinging Strike 2-2: Strikes out swinging
|
Batting: LHB Juan Montés
|
0-0: Ball 1-0: Swinging Strike 1-1: Foul Ball, location: 2F 1-2: Foul Ball, location: 2F 1-2: Ground out 1-3 (Groundball, 15S)
|
Batting: LHB Cliff Aldridge
|
0-0: Ball 1-0: Ball 2-0: Called Strike 2-1: Ball 3-1: Foul Ball, location: 2F 3-2: Foul Ball, location: 2F 3-2: DOUBLE (Line Drive, 89XD)
|
Batting: LHB Manoo Satyavrat
|
0-0: Called Strike 0-1: Foul Ball, location: 2F 0-2: SINGLE (Line Drive, 89M) Cliff Aldridge to third Runner from 3rd tries for Home, SAFE, no throw
|
Batting: RHB Kevin Malone
|
0-0: Swinging Strike 0-1: Called Strike 0-2: Strikes out swinging
|
Top of the 3rd over - 1 run, 2 hits, 0 errors, 1 left on base; Philadelphia 1776 1 - Wizarding 2 |
BOTTOM OF THE 3RD |
Wizarding Express batting - Pitching for Philadelphia 1776 BC : RHP Bernardo Valdés
|
Batting: LHB José Corona
|
0-0: Ball 1-0: SINGLE (Line Drive, 8RS)
|
Batting: SHB Salvador Trevino
|
0-0: Ball 1-0: Called Strike 1-1: Fly out, F6 (Line Drive, 6)
|
Batting: RHB António Martínez
|
0-0: Ball 1-0: Foul Ball, location: 2F 1-1: Fly out, F8 (Flyball, 78D)
|
Batting: LHB Nathan Tanner
|
0-0: Ball José Corona steals 2nd base 1-0: Foul Ball, location: 2F 1-1: Swinging Strike 1-2: Foul Ball, location: 2F 1-2: Ball 2-2: Ball 3-2: 2-RUN HOME RUN (Flyball, 9LD), Distance : 337 ft
|
Batting: LHB António Boccanegra
|
0-0: Foul Ball, location: 2F 0-1: Called Strike 0-2: Ball 1-2: Strikes out swinging
|
Bottom of the 3rd over - 2 runs, 2 hits, 0 errors, 0 left on base; Philadelphia 1776 1 - Wizarding 4 |
TOP OF THE 4TH |
Philadelphia 1776 BC batting - Pitching for Wizarding Express : RHP Gabe Stephenson
|
Batting: LHB Chase Popoff
|
0-0: Ball 1-0: SINGLE (Groundball, 5) (infield hit)
|
Batting: LHB Jeff Rutherford
|
0-0: Called Strike 0-1: Foul Ball, location: 2F 0-2: Fly out, F9 (Flyball, 9D)
|
Batting: RHB Fernando Rivera
|
0-0: Called Strike 0-1: Called Strike 0-2: Ball 1-2: Grounds into double play, 5-4-3 (Groundball, 5)
|
Top of the 4th over - 0 runs, 1 hit, 0 errors, 0 left on base; Philadelphia 1776 1 - Wizarding 4 |
BOTTOM OF THE 4TH |
Wizarding Express batting - Pitching for Philadelphia 1776 BC : RHP Bernardo Valdés
|
Batting: RHB Frank Grimes
|
0-0: Fly out, F7 (Flyball, 7)
|
Batting: RHB Gonzalo Ángel
|
0-0: Ball 1-0: Foul Ball, location: 2F 1-1: Ball 2-1: SINGLE (Groundball, 34D)
|
Batting: LHB Kyung-chor Pang
|
0-0: Ball 1-0: Foul Ball, location: 2F 1-1: Called Strike 1-2: Foul Ball, location: 2F 1-2: Strikes out looking
|
Batting: RHB Jeff Green
|
0-0: Foul Ball, location: 2F 0-1: Ground out U3 (Groundball, 34)
|
Bottom of the 4th over - 0 runs, 1 hit, 0 errors, 1 left on base; Philadelphia 1776 1 - Wizarding 4 |
TOP OF THE 5TH |
Philadelphia 1776 BC batting - Pitching for Wizarding Express : RHP Gabe Stephenson
|
Batting: SHB Sam Quint
|
0-0: Ground out U3 (Groundball, 34)
|
Batting: RHB Kent Summey
|
0-0: Foul Ball, location: 2F 0-1: Ball 1-1: Ball 2-1: Called Strike 2-2: Ball 3-2: Base on Balls
|
Batting: LHB Juan Montés
|
0-0: SINGLE (Line Drive, 4MD) Kent Summey to second
|
Batting: LHB Cliff Aldridge
|
0-0: Foul Ball, location: 2F 0-1: Fly out, F8 (Flyball, 8LD)
|
Batting: LHB Manoo Satyavrat
|
0-0: Ball 1-0: Foul Ball, location: 2F 1-1: Ground out U3 (Groundball, 3)
|
Top of the 5th over - 0 runs, 1 hit, 0 errors, 2 left on base; Philadelphia 1776 1 - Wizarding 4 |
BOTTOM OF THE 5TH |
Wizarding Express batting - Pitching for Philadelphia 1776 BC : RHP Bernardo Valdés
|
Batting: LHB José Corona
|
0-0: Called Strike 0-1: Fly out, F9 (Flyball, 9S)
|
Batting: SHB Salvador Trevino
|
0-0: Called Strike 0-1: Swinging Strike 0-2: Ball 1-2: Ball 2-2: Fly out, F5 (Line Drive, 5)
|
Batting: RHB António Martínez
|
0-0: Ball 1-0: Ball 2-0: SINGLE (Groundball, 34D)
|
Batting: LHB Nathan Tanner
|
0-0: Ball António Martínez steals 2nd base 1-0: Swinging Strike 1-1: Ball 2-1: 2-RUN HOME RUN (Flyball, 9D), Distance : 343 ft
|
Batting: LHB António Boccanegra
|
0-0: Ball 1-0: Ground out 1-3 (Groundball, P)
|
Bottom of the 5th over - 2 runs, 2 hits, 0 errors, 0 left on base; Philadelphia 1776 1 - Wizarding 6 |
TOP OF THE 6TH |
Philadelphia 1776 BC batting - Pitching for Wizarding Express : RHP Gabe Stephenson
|
Batting: RHB Kevin Malone
|
0-0: Ball 1-0: Ball 2-0: Called Strike 2-1: Foul Ball, location: 2F 2-2: SINGLE (Line Drive, 89M)
|
Batting: LHB Chase Popoff
|
0-0: Swinging Strike 0-1: Fielders Choice at 2nd, 4-6 (Groundball, 34D)
|
Batting: LHB Jeff Rutherford
|
0-0: Ball 1-0: Ball 2-0: Called Strike 2-1: Called Strike 2-2: Fly out, F9 (Flyball, 9S)
|
Batting: RHB Fernando Rivera
|
0-0: Called Strike 0-1: Ball 1-1: Ball 2-1: Fielders Choice at 2nd, 5-4 (Groundball, 5)
|
Top of the 6th over - 0 runs, 1 hit, 0 errors, 1 left on base; Philadelphia 1776 1 - Wizarding 6 |
BOTTOM OF THE 6TH |
Wizarding Express batting - Pitching for Philadelphia 1776 BC : RHP Bernardo Valdés
|
Pitching: RHP Apollo Cepeda
|
|
Batting: RHB Frank Grimes
|
0-0: Ball 1-0: Foul Ball, location: 2F 1-1: Called Strike 1-2: Foul Ball, location: 2F 1-2: Strikes out swinging
|
Batting: RHB Gonzalo Ángel
|
0-0: Foul Ball, location: 2F 0-1: Ground out 4-3 (Groundball, 34)
|
Batting: LHB Kyung-chor Pang
|
0-0: Ball 1-0: Called Strike 1-1: Ground out 4-3 (Groundball, 4)
|
Bottom of the 6th over - 0 runs, 0 hits, 0 errors, 0 left on base; Philadelphia 1776 1 - Wizarding 6 |
TOP OF THE 7TH |
Philadelphia 1776 BC batting - Pitching for Wizarding Express : RHP Gabe Stephenson
|
Pitching: LHP Octávio Ríos
|
|
Batting: SHB Sam Quint
|
0-0: Foul Ball, location: 2F 0-1: Ground out 6-3 (Groundball, 6)
|
Batting: RHB Kent Summey
|
0-0: Called Strike 0-1: Swinging Strike 0-2: Strikes out swinging
|
Batting: LHB Juan Montés
|
0-0: Called Strike 0-1: Foul Ball, location: 2F 0-2: Ball 1-2: Ball 2-2: Foul Ball, location: 2F 2-2: Strikes out swinging
|
Top of the 7th over - 0 runs, 0 hits, 0 errors, 0 left on base; Philadelphia 1776 1 - Wizarding 6 |
BOTTOM OF THE 7TH |
Wizarding Express batting - Pitching for Philadelphia 1776 BC : RHP Apollo Cepeda
|
Batting: RHB Jeff Green
|
0-0: Ball 1-0: Ball 2-0: Ball 3-0: Base on Balls
|
Batting: LHB José Corona
|
0-0: Foul Ball, location: 2F 0-1: Grounds into double play, 6-4-3 (Groundball, 6M)
|
Batting: SHB Salvador Trevino
|
0-0: Called Strike 0-1: Ball 1-1: Foul Ball, location: 2F 1-2: Hit by Pitch
|
Batting: RHB António Martínez
|
0-0: Called Strike 0-1: Foul Ball, location: 2F 0-2: Ball 1-2: Ball 2-2: Strikes out swinging
|
Bottom of the 7th over - 0 runs, 0 hits, 0 errors, 1 left on base; Philadelphia 1776 1 - Wizarding 6 |
TOP OF THE 8TH |
Philadelphia 1776 BC batting - Pitching for Wizarding Express : LHP Octávio Ríos
|
Batting: LHB Cliff Aldridge
|
0-0: Ball 1-0: Called Strike 1-1: Swinging Strike 1-2: Foul Ball, location: 2F 1-2: Strikes out swinging
|
Batting: LHB Manoo Satyavrat
|
0-0: Ball 1-0: Called Strike 1-1: Swinging Strike 1-2: Strikes out swinging
|
Batting: RHB Kevin Malone
|
0-0: Called Strike 0-1: Called Strike 0-2: Strikes out swinging
|
Top of the 8th over - 0 runs, 0 hits, 0 errors, 0 left on base; Philadelphia 1776 1 - Wizarding 6 |
BOTTOM OF THE 8TH |
Wizarding Express batting - Pitching for Philadelphia 1776 BC : RHP Apollo Cepeda
|
Batting: LHB Nathan Tanner
|
0-0: Called Strike 0-1: Ball 1-1: Called Strike 1-2: Ball 2-2: Foul Ball, location: 2F 2-2: Foul Ball, location: 2F 2-2: Ball 3-2: Base on Balls
|
Batting: LHB António Boccanegra
|
0-0: Ball 1-0: Called Strike 1-1: Ball 2-1: Ball Nathan Tanner steals 2nd base 3-1: Foul Ball, location: 2F 3-2: 2-RUN HOME RUN (Flyball, 9LD), Distance : 343 ft
|
Batting: RHB Frank Grimes
|
0-0: Called Strike 0-1: Ball 1-1: Swinging Strike 1-2: Strikes out swinging
|
Batting: RHB Gonzalo Ángel
|
0-0: Ball 1-0: Ball 2-0: Foul Ball, location: 2F 2-1: Swinging Strike 2-2: Ball 3-2: Base on Balls
|
Batting: LHB Kyung-chor Pang
|
0-0: Called Strike 0-1: Foul Ball, location: 2F 0-2: Fielders Choice at 2nd, 3-6 (Groundball, 34)
|
Batting: RHB Jeff Green
|
0-0: Foul Ball, location: 2F 0-1: Ball 1-1: Ball 2-1: Foul Ball, location: 2F 2-2: Fielders Choice at 2nd, 5-4 (Groundball, 56)
|
Bottom of the 8th over - 2 runs, 1 hit, 0 errors, 1 left on base; Philadelphia 1776 1 - Wizarding 8 |
TOP OF THE 9TH |
Philadelphia 1776 BC batting - Pitching for Wizarding Express : LHP Octávio Ríos
|
Now at 1B: Ernesto Souza
|
|
Batting: LHB Chase Popoff
|
0-0: Called Strike 0-1: SINGLE (Line Drive, 56D)
|
Batting: LHB Jeff Rutherford
|
0-0: Ball 1-0: Called Strike 1-1: Ball 2-1: Foul Ball, location: 2F 2-2: Ball 3-2: Strikes out looking
|
Batting: RHB Fernando Rivera
|
0-0: Ball 1-0: Swinging Strike 1-1: Ball 2-1: Ball 3-1: Called Strike 3-2: Strikes out swinging
|
Batting: SHB Sam Quint
|
0-0: Called Strike 0-1: Ball 1-1: Ball 2-1: Ball 3-1: Base on Balls Chase Popoff to second
|
Batting: RHB Kent Summey
|
0-0: Ball 1-0: Ball 2-0: Called Strike 2-1: Swinging Strike 2-2: Strikes out swinging
|
Top of the 9th over - 0 runs, 1 hit, 0 errors, 2 left on base; Philadelphia 1776 1 - Wizarding 8 |
|